Map: Eternal Empire LE

Players

Nina

  • Race: Protoss Protoss
  • League: Grandmaster
  • Spawn Location: 1:00

Asuna - Winner!

  • Race: Protoss Protoss
  • Spawn Location: 7:00

Event: DreamHack SC2 Masters 2020 Fall

VOD

Have the link to the VOD?

Description

Time

  • Played on: Sept. 6, 2020, 4:22 p.m.
  • Length: 21:46

All games in this series

Show
View Real Time Build Order
Export as new Build Order

Nina Protoss 

Build Orders: Phoenix Opening, Blink Stalkers, Zealot Archon, Dark Templar Rush 

Get SALT Encoding   

  12  0:00  Probe  
  13  0:12  Probe  
  14  0:18  Pylon  
  14  0:24  Probe  
  15  0:36  Probe (Chrono Boost)  
  15  0:39  Gateway  
  16  0:46  Probe (Chrono Boost)  
  16  0:47  Assimilator  
  17  0:51  Probe (Chrono Boost)  
  17  0:56  Assimilator  
  18  1:03  Probe (Chrono Boost)  
  19  1:11  Gateway  
  19  1:15  Probe (Chrono Boost)  
  20  1:20  Probe (Chrono Boost)  
  21  1:26  Cybernetics Core  
  21  1:30  Probe  
  22  1:37  Pylon  
  22  1:42  Probe  
  23  1:55  Probe  
  24  2:02  Stalker  
  24  2:03  Sentry  
  24  2:04  Warp Gate  
  24  2:07  Probe  
  29  2:14  Pylon  
  29  2:27  Probe  
  30  2:33  Stalker x2  
  30  2:36  Phoenix  
  34  2:43  Probe  
  34  2:44  Twilight Council  
  34  3:06  Nexus  
  34  3:08  Probe  
  35  3:22  Dark Shrine  
  35  3:27  Probe  
  36  3:35  Shield Battery  
  36  3:39  Probe  
  36  3:44  Blink (Chrono Boost), Pylon  
  36  3:51  Probe  
  37  3:59  Stalker  
  39  4:03  Probe  
  39  4:05  Stalker  
  42  4:12  Shield Battery  
  42  4:15  Probe  
  43  4:21  Probe  
  44  4:28  Probe  
  45  4:33  Probe  
  45  4:36  Dark Templar  
  48  4:40  Dark Templar, Probe (Chrono Boost)  
  48  4:45  Probe (Chrono Boost)  
  52  4:52  Probe (Chrono Boost)  
  51  4:54  Probe (Chrono Boost)  
  51  4:56  Probe (Chrono Boost)  
  51  4:59  Probe  
  52  5:06  Probe  
  54  5:16  Probe  
  54  5:18  Pylon, Probe  
  54  5:21  Pylon  
  54  5:26  Gateway  
  54  5:31  Gateway  
  54  5:34  Gateway  
  54  5:36  Probe x2  
  54  5:38  Stalker x2  
  60  5:43  Charge (Chrono Boost)  
  60  5:45  Gateway  
  60  5:48  Probe  
  60  5:49  Gateway  
  61  5:50  Stalker x2  
  61  5:51  Probe  
  61  5:56  Assimilator  
  62  6:02  Stalker x2  
  66  6:09  Probe  
  67  6:13  Pylon  
  67  6:22  Stalker  
  67  6:24  Assimilator  
  69  6:31  Pylon  
  69  6:33  Dark Templar, Pylon  
  69  6:38  Forge  
  71  6:40  Dark Templar  
  71  6:43  Dark Templar  
  75  6:49  Pylon, Archon  
  75  6:50  Zealot x2  
  75  6:51  Pylon, Archon  
  79  6:55  Zealot  
  79  6:56  Zealot  
  83  7:06  Pylon  
  83  7:08  Robotics Facility  
  83  7:11  Photon Cannon  
  83  7:12  Zealot  
  84  7:19  Zealot  
  84  7:20  Zealot  
  80  7:25  Zealot  
  71  7:39  Stalker x2  
  69  7:50  Zealot x2  
  69  7:51  Probe  
  74  7:52  Probe  
  71  8:02  Sentry x3  
  73  8:09  Stalker x2  
  73  8:11  Stalker  
  73  8:12  Probe  
  80  8:17  Stalker  
  63  8:41  Probe x2  
  62  8:53  Protoss Ground Weapons Level 1 (Chrono Boost), Probe  
  62  8:55  Nexus  
  61  8:56  Probe  
  61  9:01  Photon Cannon  
  62  9:07  Probe  
  62  9:09  Stalker x2  
  67  9:12  Probe  
  68  9:18  Stalker  
  68  9:23  Robotics Facility  
  70  9:29  Stalker  
  70  9:31  Probe x2  
  72  9:38  Stalker  
  72  9:43  Probe  
  75  9:46  Sentry  
  75  9:50  Stalker x2  
  75  9:51  Probe  
  82  9:57  Probe  
  83  10:05  Pylon  
  83  10:07  Templar Archives  
  83  10:08  Probe x2  
  83  10:10  Probe  
  83  10:12  Observer (Chrono Boost)  
  87  10:20  Stalker  
  87  10:21  Stalker  
  91  10:22  Probe x2  
  93  10:28  Photon Cannon  
  93  10:30  Probe  
  93  10:34  Probe  
  93  10:35  Probe  
  92  10:42  Probe  
  93  10:43  Stalker x2  
  93  10:46  Observer  
  98  10:55  Stalker x5  
  108  11:08  Observer (Chrono Boost)  
  108  11:09  Stalker x2  
  109  11:21  Dark Templar  
  97  11:42  Nexus  
  94  11:55  Dark Templar  
  90  12:03  Photon Cannon x2  
  90  12:07  Photon Cannon  
  90  12:09  Photon Cannon  
  68  12:23  Forge  
  67  12:53  Pylon  
  61  13:34  Nexus  
  61  13:37  Photon Cannon  
  61  13:42  Photon Cannon  
  61  14:01  Observer  
  59  14:29  Observer  
  56  14:40  Pylon  
  56  14:41  Pylon  
  56  14:44  Pylon  
  52  14:56  Probe  
  53  15:02  Probe  
  53  15:08  Probe  
  52  15:14  Probe  
  52  15:20  Probe (Chrono Boost)  
  54  15:27  Probe (Chrono Boost)  
  55  15:32  Probe (Chrono Boost)  
  56  15:37  Probe (Chrono Boost)  
  56  15:39  Probe (Chrono Boost)  
  56  15:42  Probe (Chrono Boost)  
  58  15:45  Cybernetics Core  
  58  15:49  Probe (Chrono Boost)  
  60  15:53  Probe (Chrono Boost)  
  61  15:58  Observer  
  61  16:00  Gateway  
  61  16:03  Probe (Chrono Boost), Photon Cannon  
  62  16:05  Probe (Chrono Boost)  
  62  16:11  Probe (Chrono Boost)  
  64  16:18  Gateway  
  64  16:25  Probe x2 (Chrono Boost)  
  65  16:31  Probe (Chrono Boost)  
  65  16:37  Gateway  
  65  16:39  Stalker  
  69  16:51  Nexus  
  69  16:53  Probe  
  67  17:03  Stalker x2  
  67  17:05  Probe (Chrono Boost)  
  72  17:10  Assimilator  
  72  17:13  Assimilator  
  72  17:16  Stalker  
  72  17:20  Probe (Chrono Boost)  
  75  17:29  Probe  
  76  17:30  Pylon  
  76  17:35  Stalker  
  76  17:36  Pylon  
  78  17:41  Gateway  
  78  17:48  Stalker  
  78  17:50  Probe x2  
  82  18:02  Probe  
  82  18:03  Stalker, Probe  
  86  18:06  Probe  
  65  18:20  Stalker x3  
  65  18:22  Probe  
  65  18:24  Probe  
  73  18:31  Stalker  
  73  18:32  Probe  
  76  18:38  Stalker  
  77  18:44  Stalker x2  
  77  18:47  Stalker  
  83  18:50  Stalker  
  82  19:00  Stalker  
  61  19:11  Stalker  
  61  19:13  Zealot  
  61  19:16  Zealot  
  63  19:22  Zealot  
  65  19:29  Zealot  
  67  19:37  Zealot  
  59  19:39  Zealot  
  61  19:50  Zealot  
  59  19:57  Sentry  
  61  20:00  Assimilator  
  52  21:03  Pylon  
  52  21:06  Pylon  
  50  21:24  Probe (Chrono Boost)  
  52  21:29  Probe (Chrono Boost)  
  52  21:30  Pylon  
  52  21:35  Probe (Chrono Boost)  
Show
View Real Time Build Order
Export as new Build Order

Asuna Protoss - Winner!

Build Orders: Phoenix Opening 

Get SALT Encoding   

  12  0:00  Probe  
  13  0:12  Probe  
  14  0:17  Pylon  
  14  0:24  Probe  
  15  0:37  Gateway, Probe (Chrono Boost)  
  16  0:46  Assimilator, Probe (Chrono Boost)  
  17  0:51  Probe (Chrono Boost)  
  17  0:54  Assimilator  
  18  1:03  Probe (Chrono Boost)  
  19  1:07  Gateway  
  19  1:15  Probe (Chrono Boost)  
  20  1:20  Probe (Chrono Boost)  
  20  1:24  Cybernetics Core  
  21  1:29  Probe  
  22  1:34  Pylon  
  22  1:41  Probe  
  23  1:54  Probe  
  24  2:00  Adept  
  24  2:01  Warp Gate, Adept  
  28  2:09  Probe  
  29  2:21  Probe  
  30  2:24  Pylon  
  30  2:36  Stargate  
  31  2:46  Stalker  
  31  2:49  Shield Battery  
  32  3:00  Nexus  
  32  3:12  Stalker  
  34  3:13  Probe  
  34  3:19  Pylon  
  35  3:23  Phoenix (Chrono Boost)  
  37  3:33  Probe  
  38  3:43  Phoenix (Chrono Boost)  
  38  3:45  Probe  
  41  3:53  Robotics Facility  
  41  3:57  Probe  
  42  4:06  Phoenix (Chrono Boost)  
  42  4:09  Probe  
  45  4:15  Probe  
  46  4:23  Probe (Chrono Boost)  
  47  4:27  Probe (Chrono Boost)  
  47  4:30  Phoenix (Chrono Boost)  
  50  4:38  Probe (Chrono Boost)  
  52  4:39  Probe (Chrono Boost), Pylon  
  52  4:41  Observer  
  52  4:43  Probe (Chrono Boost)  
  54  4:46  Probe  
  54  4:52  Phoenix  
  57  5:01  Probe x2  
  57  5:02  Immortal (Chrono Boost)  
  57  5:05  Pylon  
  57  5:06  Adept  
  56  5:18  Probe x2  
  58  5:30  Probe  
  58  5:32  Probe  
  60  5:38  Immortal (Chrono Boost)  
  60  5:42  Probe (Chrono Boost)  
  65  5:46  Probe (Chrono Boost)  
  66  5:51  Assimilator  
  66  5:54  Probe (Chrono Boost)  
  68  6:00  Gateway  
  68  6:02  Probe (Chrono Boost)  
  68  6:03  Sentry, Probe (Chrono Boost)  
  71  6:09  Probe  
  71  6:11  Phoenix, Assimilator  
  74  6:18  Pylon  
  74  6:24  Immortal (Chrono Boost)  
  77  6:34  Probe  
  77  6:36  Probe  
  77  6:37  Pylon  
  77  6:39  Phoenix  
  81  6:47  Probe  
  82  6:50  Forge  
  82  6:59  Probe  
  83  7:10  Pylon  
  83  7:11  Immortal  
  87  7:26  Stalker x3  
  93  7:42  Shield Battery, Void Ray  
  87  7:44  Shield Battery  
  85  7:58  Pylon  
  83  8:01  Zealot x3  
  85  8:09  Protoss Ground Weapons Level 1  
  85  8:13  Gateway  
  85  8:14  Twilight Council  
  85  8:15  Gateway  
  84  8:21  Zealot x3  
  92  8:28  Pylon  
  80  8:35  Immortal (Chrono Boost)  
  80  8:44  Void Ray  
  79  8:55  Probe x2  
  79  8:57  Charge  
  80  9:07  Immortal  
  84  9:12  Gateway  
  84  9:14  Templar Archives, Gateway  
  84  9:21  Void Ray (Chrono Boost)  
  84  9:27  Sentry  
  90  9:47  Immortal (Chrono Boost), Photon Cannon  
  94  9:54  High Templar  
  94  9:55  High Templar x2  
  94  9:57  Zealot  
  102  10:01  Archon  
  102  10:02  High Templar  
  102  10:08  Archon  
  102  10:10  Pylon  
  102  10:12  Pylon  
  102  10:13  Pylon  
  102  10:27  Pylon  
  106  10:40  High Templar x2  
  106  10:41  Zealot x5  
  120  10:46  Archon  
  120  10:48  Observer (Chrono Boost)  
  81  12:09  Nexus  
  77  12:36  Pylon  
  77  12:38  Pylon  
  71  13:06  Observer  
  61  13:35  Pylon  
  61  13:38  Pylon  
  61  14:03  Pylon  
  61  14:11  Pylon  
  61  14:20  Pylon  
  61  14:25  Pylon  
  60  14:33  Probe  
  60  14:36  Pylon  
  61  14:45  Probe  
  61  14:57  Probe  
  61  14:58  Gateway  
  60  15:02  Forge  
  60  15:09  Probe (Chrono Boost)  
  59  15:20  Pylon  
  60  15:21  Probe (Chrono Boost)  
  60  15:27  Probe (Chrono Boost)  
  61  15:35  Probe  
  61  15:38  Photon Cannon  
  62  15:46  Cybernetics Core  
  62  15:48  Probe  
  63  15:55  Observer  
  63  16:00  Probe  
  64  16:08  Gateway  
  64  16:14  Gateway  
  64  16:23  Probe  
  64  16:24  Assimilator  
  65  16:31  Robotics Facility  
  65  17:03  Probe (Chrono Boost)  
  66  17:12  Assimilator  
  66  17:15  Pylon  
  67  17:16  Probe (Chrono Boost)  
  67  17:18  Observer (Chrono Boost)  
  68  17:23  Probe (Chrono Boost)  
  68  17:28  Zealot  
  71  17:32  Probe, Pylon  
  71  17:35  Immortal  
  76  17:48  Sentry  
  76  17:50  Sentry  
  79  18:06  Shield Battery  
  75  18:25  Zealot x2  
  75  18:26  Zealot  
  81  18:29  Immortal (Chrono Boost)  
  81  19:00  Zealot x3  
  63  19:15  Immortal (Chrono Boost)  
  65  19:23  Zealot x3  
  63  19:45  Sentry x3  
  65  19:51  Immortal (Chrono Boost)  
  73  20:12  Zealot x2  
  73  20:13  Zealot  
  73  20:36  Observer  
  74  20:51  Twilight Council  
  74  20:53  Nexus  
  76  21:12  Immortal (Chrono Boost)  
  76  21:18  Zealot  
  78  21:31  Templar Archives  

Tags
 
Add a new tag
Caveats
  • Supply blocks, unpowered buildings, or Contaminate may cause inaccurate times.
  • Supply counts are checked every 10 seconds.